 Dungeon Crawl Stone Soup version 0.29.0-4-gdea44cf6ec (webtiles) character file.

Game seed: 7798343510725855899

46 qw the Chopper (level 3, 0/21 HPs)
             Began as a Tengu Warper on Aug 28, 2022.
             Succumbed to a scorpion's poison
             ... on level 4 of the Dungeon.
             The game lasted 00:00:09 (1508 turns).

qw the Chopper (Tengu Warper)                       Turns: 1508, Time: 00:00:10

Health: 0/21       AC: 10    Str: 13    XL:     3   Next: 68%
Magic:  7/7        EV:  4    Int: 13    God:
Gold:   54         SH:  0    Dex: 19    Spells: 6/6 levels left

rFire   . . .      SeeInvis .   Y - +0 hand axe
rCold   + . .      Faith    .   (no shield)
rNeg    . . .      Spirit   .   o - +0 plate armour {rC+}
rPois   .          Reflect  .   (helmet restricted)
rElec   .          Harm     .   (no cloak)
rCorr   .          Rampage  .   (no gloves)
Will    .....                   (boots unavailable)
Stlth   ..........              (no amulet)
HPRegen 0.07/turn               h - +6 ring of dexterity
MPRegen 0.10/turn               (no ring)

@: lethally poisoned (0 -> -6)
A: beak, talons 3
a: no special abilities


You were on level 4 of the Dungeon.
You visited 1 branch of the dungeon, and saw 3 of its levels.

You collected 54 gold pieces.


Innate Abilities, Weirdness & Mutations

You have a beak for a mouth.
You have claws for feet.


   Skills:
 - Level 2.0 Fighting
 - Level 4.0 Axes
 - Level 1.0 Throwing
 + Level 1.9 Armour
 - Level 2.1 Dodging
 - Level 2.0 Spellcasting
 - Level 2.4 Translocations


You had 6 spell levels left.
You didn't know any spells.
Your spell library contained the following spells:

 Spells                   Type           Power      Damage    Failure   Level
 Blink                    Tloc           14%        N/A       100%        2
 Gell's Gravitas          Tloc           7%         N/A       100%        3
 Lesser Beckoning         Tloc           7%         N/A       100%        3
 Teleport Other           Tloc           7%         N/A       100%        3
 Manifold Assault         Tloc           7%         N/A       100%        5

Inventory:

Hand Weapons
 k - a +0 mace
 Y - a +0 hand axe (weapon)
Armour
 o - a +0 plate armour of cold resistance (worn)
Jewellery
 h - a +6 ring of dexterity (left hand)
Scrolls
 b - 2 scrolls of identify
Potions
 c - a potion of haste {unknown}
 e - a potion of curing {unknown}
 j - a potion of berserk rage
 l - 2 potions of flight {unknown}
 m - a potion of mutation {unknown}
 p - a potion of heal wounds {unknown}

Dungeon Overview and Level Annotations

Branches:
Dungeon (4/15)
 Temple: D:4-7

Altars:


Message History

The scorpion is moderately wounded.
You feel sick. The scorpion barely misses you.
You hit the scorpion but do no damage.
You claw the scorpion, but do no damage.
You peck the scorpion, but do no damage.
The scorpion is moderately wounded.
You feel sick.
The scorpion stings you but does no damage.
You hit the scorpion.
The scorpion is heavily wounded.
You feel sick. The scorpion stings you. The scorpion closely misses you.
You hit the scorpion. Your kick misses the scorpion.
The scorpion is severely wounded.
You feel sick.
You are no longer poisoned.
The scorpion stings you but does no damage.
You barely miss the scorpion. Your kick misses the scorpion.
Your peck misses the scorpion.
The scorpion is severely wounded.
The scorpion stings you but does no damage.
You barely miss the scorpion.
You claw the scorpion, but do no damage.
You peck the scorpion.
The scorpion is almost dead.
The scorpion stings you but does no damage.
The scorpion stings you.
You are lethally poisoned!
The scorpion poisons you!
You closely miss the scorpion.
The scorpion is almost dead.
You feel very sick.
The scorpion stings you but does no damage.
You closely miss the scorpion.
You claw the scorpion, but do no damage.
The scorpion is almost dead.
You feel sick.
The scorpion stings you but does no damage.
You closely miss the scorpion. You claw the scorpion.
You kill the scorpion!
You die...

. . .. .#
.##.#.
......
###...#
#.....#
#@..#
#...#.##..
#.........
#.%.$##.##
#.......
#########


There were no monsters in sight!

Vanquished Creatures
  A scorpion (D:4)
  A worm (D:2)
  2 orcs (D:4)
  2 endoplasms
  A giant cockroach (D:1)
  2 goblins
  4 hobgoblins (D:1)
  6 jackals
  A quokka (D:1)
  4 ball pythons
  7 bats
  4 kobolds
  2 rats
37 creatures vanquished.

Notes
Turn   | Place    | Note
-------+----------+-------------------------------------------
     0 | D:1      | qw the Tengu Warper began the quest for the Orb.
     0 | D:1      | Reached XP level 1. HP: 12/12 MP: 4/4
     0 | D:1      | 0 ||| qw: Version: 0.1-a-89-g26bdef1
     0 | D:1      | 0 ||| qw: Game counter: 3382
     0 | D:1      | 0 ||| qw: Always use a shield: true
     0 | D:1      | 0 ||| qw: God list: Okawaru
     0 | D:1      | 0 ||| qw: Allow faded altars: false
     0 | D:1      | 0 ||| qw: Do Orc after D:15 true
     0 | D:1      | 0 ||| qw: Do second Lair branch before Depths: true
     0 | D:1      | 0 ||| qw: Lair rune preference: random
     0 | D:1      | 0 ||| qw: Plans: Normal
     0 | D:1      | 0 ||| PLANNING D:1-11
    62 | D:1      | 62 ||| Stepping ~*~*~tactically~*~*~ (stealth).
    68 | D:1      | Found a faded altar of an unknown god.
    87 | D:1      | Reached XP level 2. HP: 17/17 MP: 6/6
   125 | D:1      | Reached skill level 3 in Axes
   233 | D:1      | 233 ||| Stepping ~*~*~tactically~*~*~ (stealth).
   234 | D:1      | 234 ||| Stepping ~*~*~tactically~*~*~ (stealth).
   237 | D:1      | 237 ||| Stepping ~*~*~tactically~*~*~ (stealth).
   238 | D:1      | 238 ||| Stepping ~*~*~tactically~*~*~ (stealth).
   848 | D:1      | 848 ||| UPGRADING to +0 ring mail.
   858 | D:1      | 858 ||| DROPPING +0 leather armour.
   859 | D:1      | 859 ||| DROPPING +1 leather armour of cold resistance.
   860 | D:1      | 860 ||| UPGRADING to +0 plate armour of cold resistance.
   870 | D:1      | 870 ||| DROPPING +0 ring mail.
   871 | D:1      | 871 ||| UPGRADING to +6 ring of dexterity.
   872 | D:1      | 872 ||| READING scroll labelled UDELYOG NEOLAS.
   873 | D:1      | 873 ||| READING scroll labelled NAMELO AC ATOSH.
   874 | D:1      | 874 ||| READING 3 scrolls labelled IPATENIE NUASS.
   875 | D:1      | 875 ||| DROPPING scroll of blinking.
   876 | D:1      | 876 ||| DROPPING 2 scrolls of vulnerability.
   934 | D:2      | Reached XP level 3. HP: 19/21 MP: 7/7
  1077 | D:2      | 1077 ||| Stepping ~*~*~tactically~*~*~ (stealth).
  1090 | D:2      | Reached skill level 4 in Axes
  1197 | D:2      | Identified the +9 dagger of Meycvumm {venom, *Slow rF+
                  | Will+}
  1435 | D:2      | You fall into a shaft and drop 2 floors!
  1436 | D:4      | 1436 ||| READING scroll labelled PEG EWNENGIKYO.
  1437 | D:4      | 1437 ||| READING scroll labelled QEDASK PABBIE.
  1438 | D:4      | 1438 ||| READING scroll labelled SUOLAQ RONAQIRAA.
  1439 | D:4      | 1439 ||| READING scroll labelled MURUCV POIFF.
  1460 | D:4      | 1460 ||| DRINKING 2 metallic coppery potions.
  1492 | D:4      | Noticed a scorpion
  1493 | D:4      | 1493 ||| Stepping ~*~*~tactically~*~*~ (stealth).
  1494 | D:4      | 1494 ||| Stepping ~*~*~tactically~*~*~ (stealth).
  1505 | D:4      | HP: 5/21 [scorpion (1)]
  1506 | D:4      | HP: 2/21 [poisoned by a scorpion]
  1508 | D:4      | Killed a scorpion
  1508 | D:4      | Succumbed to a scorpion's poison

Levels and vault maps discovered:
D:1:      eino_arrival_cavern_e, layout_rooms, ebering_ecumenical_altar_box
D:2:      layout_basic, mrwooster_statue_mirror, skrybe_limestone_x
D:4:      layout_basic, minmay_temple_entry_ruins

Skill      XL: |  1  2  3 |
---------------+----------+-----
Axes           | 3 4 |  4.0
Fighting       | |  2.0
Throwing       | |  1.0
Armour         | |  1.9
Dodging        | |  2.1
Spellcasting   | |  2.0
Translocations | |  2.4

Action                   || total
-------------------------++-------
Melee: Hand axe          ||    92
       Kick              ||    24
       Peck              ||    12
Throw: Boomerang         ||     7
  Use: Scroll            ||     7
       Potion            ||     1
 Stab: Distracted        ||     1
Armor: Leather armour    ||    13
       Plate armour      ||    40
Dodge: Dodged            ||    34

Table legend:
 A = Non-vault XP
 B = Vault XP
 C = Vault XP percentage of total XP
 D = Non-vault monster count
 E = Vault monster count
 F = Vault count percentage of total count
                 A         B        C        D         E       F
            +---------+---------+-------+---------+---------+-------
      Total |     147 |       0 |   0.0 |      37 |       0 |   0.0
            +---------+---------+-------+---------+---------+-------
        D:1 |      32 |       0 |   0.0 |      19 |       0 |   0.0
        D:2 |      21 |       0 |   0.0 |      11 |       0 |   0.0
        D:4 |      94 |       0 |   0.0 |       7 |       0 |   0.0
            +---------+---------+-------+---------+---------+-------
